 Dungeon Crawl Stone Soup version 0.13-a0-2484-gc765b08 (webtiles) character file.

317 Rycklaryybbe the Cutter (level 4, -7/34 HPs)
             Began as a Vampire Gladiator on July 20, 2013.
             Killed by divine providence
             ... invoked by an orc priest
              (9 damage)
             ... on Level 3 of the Dungeon.
             The game lasted 00:06:20 (2258 turns).

Rycklaryybbe the Cutter (Vampire Gladiator)         Turns: 2258, Time: 00:06:20

HP  -7/34        AC  3     Str 14      XL: 4   Next: 90%
MP   4/4         EV 13     Int 10      God:
Gold 187         SH  0     Dex 15      Spells:  0 memorised,  3 levels left

Res.Fire  : . . .   See Invis. : +   l - +2,+1 dagger (freeze)
Res.Cold  : . . .   Warding    : .   o - +0 robe
Life Prot.: . . .   Conserve   : .   (no shield)
Res.Poison: .       Res.Corr.  : .   c - +0 helmet
Res.Elec. : .       Clarity    : .   (no cloak)
Sust.Abil.: . .     Spirit.Shd : .   (no gloves)
Res.Mut.  : .       Stasis     : .   (no boots)
Res.Rott. : .       Flight     : .   (no amulet)
Saprovore : . . .                    (no ring)
                                     (no ring)

@: regenerating quickly, invisible (expiring), very slightly contaminated,
slightly resistant to hostile enchantments, unstealthy
A: fangs 3, see invisible, unbreathing
a: no special abilities


You were on level 3 of the Dungeon.
You were very full.

You visited 1 branch of the dungeon, and saw 3 of its levels.

You collected 167 gold pieces.

Inventory:

Hand weapons
 a - a +0,+0 short sword
 f - a +0,+0 spear
 l - a +2,+1 dagger of freezing (weapon)
 n - a +0,+0 great sword
Missiles
 d - 2 throwing nets (quivered)
Armour
 b - a +0 leather armour
 c - a +0 helmet (worn)
 o - a +0 robe (worn)
Magical devices
 m - a wand of slowing (10) {unknown}
Scrolls
 g - a scroll of amnesia {unknown}
 h - a scroll of fog {unknown}
 i - 3 scrolls of identify {unknown}
 j - a scroll of teleportation {unknown}
 p - a scroll of curse weapon {unknown}
 q - a scroll of remove curse {unknown}
Jewellery
 k - an uncursed ring of ice {unknown}
Potions
 e - a potion of coagulated blood


   Skills:
 - Level 1.7 Fighting
 - Level 5.7 Short Blades
 + Level 2.7 Long Blades
 - Level 1.5 Throwing
 - Level 3.2 Dodging


You had 3 spell levels left.
You didn't know any spells.

Dungeon Overview and Level Annotations

Branches:
Dungeon (3/27)

Altars:
Fedhas
Kikubaaqudgha
Zin


Innate Abilities, Weirdness & Mutations

Your natural rate of healing is unusually fast.
You have razor-sharp teeth.*
You have supernaturally acute eyesight.
You can survive without breathing.*


Message History

Throwing (i - inventory. (,) - cycle):
d - 4 throwing nets (quivered)
Press: ? - help, Shift-Dir - straight line, f - orc priest
Aim: an orc priest, wielding an orcish trident and wearing an orcish ring mail (severely wounded)
You throw a throwing net. The throwing net misses the orc priest.
The orc priest barely misses you.
Throwing (i - inventory. (,) - cycle):
d - 3 throwing nets (quivered)
Press: ? - help, Shift-Dir - straight line, f/p - orc priest
Aim: an orc priest, wielding an orcish trident and wearing an orcish ring mail (severely wounded)
You throw a throwing net. The throwing net hits the orc priest.
The orc priest is caught in the net!
The orc priest is severely wounded.
The orc priest struggles against the net.
The orc priest misses you.
The orc priest struggles against the net.
You hit the orc priest. You freeze the orc priest.
The orc priest is almost dead.
The orc priest struggles to escape the net.
The orc priest calls down the wrath of Beogh upon you.
Something smites you!
You die...

###### ....#
###.##########.#####
....(..o@..........#
###.#..####....###.# #.#..#
#.#### # #.#..# #.#
#.#..####.# #### #.#.......# #
...# #.##....#######.(#.#
##.########..........o.o.....#
#.............#.########..###


You could see an orc priest (caught).

Vanquished Creatures
  Jessica (D:2)
  4 adders (D:2)
  A gnoll (D:1)
  4 giant geckos
  An orc (D:3)
  4 giant cockroaches
  7 hobgoblins
  11 kobolds
  A quokka (D:2)
  3 ball pythons
  6 bats
  2 giant newts (D:1)
  A goblin (D:2)
  9 jackals
  9 rats
  A plant (D:1)
65 creatures vanquished.

Vanquished Creatures (others)
  An orc (D:3)
1 creature vanquished.

Grand Total: 66 creatures vanquished

Notes
Turn   | Place    | Note
--------------------------------------------------------------
     0 | D:1      | Rycklaryybbe, the Vampire Gladiator, began the quest for the Orb.
     0 | D:1      | Reached XP level 1. HP: 17/17 MP: 1/1
   394 | D:1      | Reached skill level 4 in Short Blades
   394 | D:1      | Reached XP level 2. HP: 21/23 MP: 2/2
   876 | D:1      | Reached XP level 3. HP: 7/28 MP: 3/3
  1455 | D:2      | Reached skill level 5 in Short Blades
  1501 | D:2      | Found a blossoming altar of Fedhas.
  1685 | D:2      | Reached XP level 4. HP: 30/34 MP: 4/4
  2052 | D:2      | Reached skill level 1 in Long Blades
  2058 | D:2      | Found a glowing silver altar of Zin.
  2059 | D:2      | Found an ancient bone altar of Kikubaaqudgha.
  2106 | D:2      | Noticed Jessica
  2113 | D:2      | Killed Jessica
  2249 | D:3      | HP: 1/34 [orc priest/divine providence (14)]
  2258 | D:3      | Killed from afar by an orc priest

Action                   |  1- 3 |  4- 6 || total
-------------------------+-------+-------++-------
Melee: Spear             |   167 |       ||   167
       Short sword       |    98 |       ||    98
       Dagger            |     8 |    37 ||    45
       Great sword       |       |    40 ||    40
Throw: Throwing net      |       |     2 ||     2
  Use: Potion            |       |     1 ||     1
 Stab: Invisible         |       |     1 ||     1
